[Event "Titled Tuesday Blitz June 15 2021"]
[White "Shahade, Gregory"]
[Black "Madaminov, Mukhiddin"]
[WhiteFideId "2009064"]
[BlackFideId "14210703"]
[WhiteElo "2720"]
[BlackElo "1747"]
[Result "1-0"]
[Round "07"]
[TimeControl "180+1"]
[Date "2021.06.15"]
[WhiteClock "0:00:06"]
[BlackClock "0:00:02"]

1. e4 e6 2. d4 d5 3. Nd2 c5 4. exd5 Qxd5 5. Ngf3 cxd4 6. Bc4 Qd7 7. Nb3 Nc6 8. Nbxd4 Nxd4 9. Nxd4 a6 10. Bf4 Nf6 11. O-O Be7 12. Be5 b5 13. Bd3 O-O 14. Qf3 Bb7 15. Qh3 h6 16. Rad1 Rfd8 17. Rfe1 Rac8 18. Re3 Rc5 19. c3 b4 20. Nb3 Rc4 21. Bh7+ Kxh7 22. Rxd7 Rxd7 23. Rd3 Re4 24. f4 bxc3 25. bxc3 Rxd3 26. Qxd3 Ng4 27. Nd2 Bc5+ 28. Bd4 Bxd4+ 29. cxd4 Nf6 30. Nxe4 Nxe4 31. Qb3 Bd5 32. Qb6 Bxa2 33. Qxa6 Bd5 34. Qa7 f5 35. Qe7 Nf6 36. Qd6 Ne4 37. Qe5 Nf6 38. g3 Kg6 39. Kf1 Ng4 40. Qb8 Nxh2+ 41. Ke2 Kh7 42. Qc7 Ng4 43. Qb8 Nf6 44. Qe5 Ne4 45. g4 Bc4+ 46. Ke3 Ng3 47. g5 Ne4 48. gxh6 Kxh6 49. Qb8 Bd5 50. Qh8+ Kg6 51. Qe8+ Kh7 52. Qh5+ Kg8 53. Qe8+ Kh7 54. Qh5+ Kg8 55. Kd3 Nf6 56. Qg6 Kf8 57. Ke3 Be4 58. Qg1 Nd5+ 59. Kd2 Nxf4 60. Qg5 Nd5 61. Qd8+ Kf7 62. Qd7+ Ne7 63. Qd8 Bd5 64. Qd6 g5 65. Qe5 Ng6 66. Qc7+ Ne7 67. Qe5 Kg6 68. Qh8 f4 69. Qe8+ Kf6 70. Qf8+ Kg6 71. Qxe7 Kf5 72. Qf7+ Ke4 73. Qf6 g4 74. Ke2 g3 75. Qe5# 1-0


[Site "https://www.chess.com"]

[Event "Titled Tuesday Blitz June 15 2021"]
[White "Shapkin, Anatoliy"]
[Black "Enriquack"]
[WhiteFideId "34108332"]
[WhiteElo "2223"]
[BlackElo "2526"]
[Result "1-0"]
[Round "07"]
[TimeControl "180+1"]
[Date "2021.06.15"]
[WhiteClock "0:01:59"]
[BlackClock "0:01:49"]

1. d4 Nf6 2. c4 c5 3. d5 b5 4. cxb5 a6 5. bxa6 g6 6. Nc3 Bg7 7. e4 O-O 8. Nf3 Qa5 9. Bd2 Bxa6 10. Be2 Qb4 11. Bxa6 Nxa6 12. Qe2 Qxb2 13. Rb1 Qa3 14. Rb3 Qa5 15. e5 Ng4 16. O-O Nb4 17. a3 Qa6 18. axb4 Qxe2 19. Nxe2 c4 20. Rc3 Ra2 21. Nc1 Rb2 22. Rxc4 Nxe5 23. Nxe5 Bxe5 24. Bh6 Rb8 25. Nd3 1-0


[Site "https://www.chess.com"]

[Event "Titled Tuesday Blitz June 15 2021"]
[White "Shevchenko, Kirill"]
[Black "Moskalenko, Alexander"]
[WhiteFideId "14129574"]
[BlackFideId "4155351"]
[WhiteElo "2569"]
[BlackElo "2495"]
[Result "1/2-1/2"]
[Round "07"]
[TimeControl "180+1"]
[Date "2021.06.15"]
[WhiteClock "0:00:03"]
[BlackClock "0:00:27"]

1. e4 d6 2. d4 Nf6 3. Nc3 e5 4. Nf3 Nbd7 5. h3 Be7 6. g4 O-O 7. Bg2 c6 8. a4 d5 9. exd5 e4 10. Nd2 cxd5 11. g5 Ne8 12. Nxd5 Bxg5 13. Nxe4 Bxc1 14. Qxc1 Ndf6 15. Qg5 Kh8 16. Nexf6 Nxf6 17. Ne3 Qxd4 18. O-O Qxb2 19. Rab1 Qd4 20. Bxb7 Bxb7 21. Rxb7 Ne4 22. Qf4 Rad8 23. Rxf7 Rxf7 24. Qxf7 Qxa4 25. Nf5 Qd7 26. Qxd7 Rxd7 27. Rb1 h6 28. f3 Ng5 29. Kg2 Rd2+ 30. Kg3 Rxc2 31. Rb8+ Kh7 32. Rb7 Ne6 33. Rxa7 Rc5 34. Re7 Rxf5 35. Rxe6 Rf7 36. Re4 1/2-1/2


[Site "https://www.chess.com"]

[Event "Titled Tuesday Blitz June 15 2021"]
[White "Shipov, Sergei"]
[Black "Jobava, Baadur"]
[WhiteFideId "4113624"]
[BlackFideId "13601520"]
[WhiteElo "2792"]
[BlackElo "2748"]
[Result "0-1"]
[Round "07"]
[TimeControl "180+1"]
[Date "2021.06.15"]
[WhiteClock "0:00:03"]
[BlackClock "0:00:13"]

1. d4 d5 2. c4 c6 3. Nc3 Nf6 4. Nf3 dxc4 5. a4 a5 6. e4 Bg4 7. Bxc4 e6 8. Be3 Bb4 9. O-O Nbd7 10. h3 Bh5 11. e5 Nd5 12. Bd2 O-O 13. Qe2 Bg6 14. Rfd1 Re8 15. Rac1 h6 16. Ne4 Bxe4 17. Qxe4 Bxd2 18. Rxd2 Nf8 19. h4 Qb6 20. b3 Rad8 21. g3 Qb4 22. Qc2 Rd7 23. Ne1 Qb6 24. Qe4 Nb4 25. Rcd1 Red8 26. Kg2 Nd5 27. Qc2 Ne7 28. Nf3 Qb4 29. h5 b5 30. Bd3 Nd5 31. Rc1 Rc7 32. Be4 Rb8 33. Rd3 Qe7 34. Qc5 Qxc5 35. Rxc5 Nd7 36. Rc1 bxa4 37. bxa4 Rb4 38. Rd2 Rxa4 39. Bxd5 exd5 40. Nh4 Nb6 41. Nf5 Nc4 42. Re2 Rb4 43. e6 fxe6 44. Rxe6 Rb8 45. Rce1 Kh7 46. Ne7 Re8 47. Nxc6 Rxe6 48. Rxe6 a4 49. Ne7 a3 50. Ng6 Kg8 51. Re8+ Kf7 52. Ra8 Rd7 53. f4 Ke6 54. g4 Rb7 55. g5 Kf5 56. Kf3 Rb3+ 57. Kf2 hxg5 0-1


[Site "https://www.chess.com"]

[Event "Titled Tuesday Blitz June 15 2021"]
[White "Siddharth, Jagadeesh"]
[Black "Shkapenko, Pavel"]
[WhiteFideId "5818320"]
[BlackFideId "4151933"]
[WhiteElo "2127"]
[BlackElo "2386"]
[Result "1-0"]
[Round "07"]
[TimeControl "180+1"]
[Date "2021.06.15"]
[WhiteClock "0:00:10"]
[BlackClock "0:00:32"]

1. e4 e5 2. Nf3 Nc6 3. Bb5 Bc5 4. c3 f5 5. Qe2 fxe4 6. Qxe4 Nf6 7. Qe2 O-O 8. Qc4+ d5 9. Qxc5 e4 10. Ng1 Ne5 11. d4 exd3 12. Be3 c6 13. Ba4 Nfg4 14. Qd4 Nc4 15. Nf3 Nxb2 16. Bb3 Qc7 17. Nbd2 Bf5 18. Rb1 Nc4 19. Bxc4 dxc4 20. Qxc4+ Kh8 21. O-O Rae8 22. Qd4 b6 23. h3 Nf6 24. Rfe1 c5 25. Qf4 Qc8 26. c4 Bg6 27. Qg5 Ne4 28. Nxe4 Bxe4 29. Nd2 Bb7 30. Bf4 Qc6 31. f3 Re6 32. Rxe6 Qxe6 33. Qg3 Qf6 34. Be5 Qf7 35. Re1 Kg8 36. Bc3 g6 37. Qe5 Qf6 38. Qxf6 Rxf6 39. Bxf6 Kf7 40. Bc3 Bc6 41. Ne4 Ke6 42. Rd1 Kf5 43. Rxd3 Bxe4 44. fxe4+ Kxe4 45. Rd7 b5 46. cxb5 1-0


[Site "https://www.chess.com"]

[Event "Titled Tuesday Blitz June 15 2021"]
[White "Skatchkov, Pavel"]
[Black "Svane, Frederik"]
[WhiteFideId "4121848"]
[BlackFideId "12923044"]
[WhiteElo "2476"]
[BlackElo "2459"]
[Result "0-1"]
[Round "07"]
[TimeControl "180+1"]
[Date "2021.06.15"]
[WhiteClock "0:00:49"]
[BlackClock "0:00:46"]

1. d4 Nf6 2. c4 e6 3. Nf3 b6 4. g3 Bb4+ 5. Bd2 Be7 6. Bg2 Bb7 7. O-O O-O 8. Nc3 c6 9. e4 d5 10. Qe2 dxc4 11. Rad1 b5 12. a3 Nbd7 13. Bf4 Nb6 14. Be3 a5 15. Ne5 Qc7 16. f4 b4 17. Nb1 c5 18. Nd2 cxd4 19. Bxd4 Rfd8 20. Ndxc4 Nxc4 21. Nxc4 Rxd4 22. Rxd4 Bc5 23. Rd1 Rd8 24. Qf2 Rxd4 25. Rxd4 Ng4 26. Qd2 Qd8 0-1


[Site "https://www.chess.com"]

[Event "Titled Tuesday Blitz June 15 2021"]
[White "Sokolovsky, Yahli"]
[Black "Aditya Mittal"]
[WhiteFideId "2820242"]
[BlackFideId "35042025"]
[WhiteElo "1770"]
[BlackElo "2171"]
[Result "0-1"]
[Round "07"]
[TimeControl "180+1"]
[Date "2021.06.15"]
[WhiteClock "0:00:03"]
[BlackClock "0:00:07"]

1. b3 Nf6 2. Bb2 g6 3. e3 Bg7 4. f4 O-O 5. Nf3 b6 6. Be2 Bb7 7. O-O d6 8. c4 Nbd7 9. Nc3 e5 10. d4 Ng4 11. Qd2 exf4 12. exf4 Re8 13. Rfe1 a6 14. d5 Nc5 15. Bd3 Qd7 16. h3 Nf6 17. Kh2 Nh5 18. g3 Rxe1 19. Rxe1 Re8 20. Bb1 Rxe1 21. Nxe1 Qe7 22. Nd3 Bc8 23. Nxc5 bxc5 24. Ne4 Bf5 25. Bxg7 Nxg7 26. Qe2 h5 27. Bd3 Kf8 28. Nf2 Qxe2 29. Bxe2 Bb1 30. a3 Nf5 31. Bd3 Ba2 32. b4 Ne3 33. bxc5 Bxc4 34. cxd6 cxd6 35. Bxc4 Nxc4 36. a4 Ne3 37. Ne4 Ke7 38. Nc3 Kd7 39. Kg1 Kc7 40. Kf2 Nf5 41. Kf3 Kb6 42. Ne4 Kc7 43. g4 hxg4+ 44. hxg4 Ne7 45. Nf6 Kb6 46. Ke4 Kc5 47. Nd7+ Kb4 48. Nb6 a5 49. f5 gxf5+ 50. gxf5 Kc5 51. Nd7+ Kb4 52. Nb6 f6 53. Nd7 Kxa4 54. Nxf6 Kb4 55. Ng4 a4 56. f6 Ng6 57. Ne3 Kb3 58. Kd3 a3 59. Nc2 a2 60. Kd2 Kc4 61. Kc1 Kc3 62. Na1 Nf8 63. Nc2 Nd7 64. Na1 Nxf6 65. Nc2 Nxd5 66. Na1 Nb4 67. Kd1 Kb2 68. Kd2 Kxa1 69. Kc1 Nd3+ 70. Kc2 d5 0-1


[Site "https://www.chess.com"]

[Event "Titled Tuesday Blitz June 15 2021"]
[White "SpeedofLight0"]
[Black "Alekseenko, Kirill"]
[BlackFideId "4135539"]
[WhiteElo "2825"]
[BlackElo "2580"]
[Result "0-1"]
[Round "07"]
[TimeControl "180+1"]
[Date "2021.06.15"]
[WhiteClock "0:00:06"]
[BlackClock "0:00:49"]

1. e4 e5 2. Nf3 Nc6 3. Bc4 Bc5 4. c3 Nf6 5. d3 d6 6. O-O O-O 7. Re1 h6 8. h3 a5 9. Nbd2 Be6 10. a4 Ba7 11. Bxe6 fxe6 12. Nc4 Qe8 13. Be3 Bxe3 14. Nxe3 b6 15. Nd2 Ne7 16. g3 Ng6 17. Kg2 Rf7 18. d4 Qc6 19. Qc2 Raf8 20. Rf1 Nh5 21. d5 Qd7 22. Qd1 Nf6 23. c4 Ne7 24. Qe2 exd5 25. cxd5 Qd8 26. f3 Nd7 27. h4 Nc5 28. h5 c6 29. dxc6 Nxc6 30. Qc4 Nd4 31. Rf2 Kh8 32. g4 Qg5 33. Re1 Rf4 34. Kg3 Nd7 35. Ng2 Nf6 36. Nxf4 Qxf4+ 37. Kh3 Nxg4 38. Rg2 Nxf3 39. Nxf3 Qxf3+ 40. Rg3 Nf2+ 41. Kh2 Qxh5+ 42. Kg2 Ng4 43. Re2 Qh2# 0-1


[Site "https://www.chess.com"]

[Event "Titled Tuesday Blitz June 15 2021"]
[White "Stelmaszyk, Nico"]
[Black "Jarovinsky, Alexey"]
[WhiteFideId "16200462"]
[BlackFideId "14115131"]
[WhiteElo "2119"]
[BlackElo "2446"]
[Result "1-0"]
[Round "07"]
[TimeControl "180+1"]
[Date "2021.06.15"]
[WhiteClock "0:00:47"]
[BlackClock "0:00:06"]

1. e4 Nc6 2. d4 d5 3. exd5 Qxd5 4. Be3 e5 5. Nf3 Bg4 6. c4 Qa5+ 7. Bd2 Bb4 8. d5 Nd4 9. Be2 Bxf3 10. Bxf3 Bxd2+ 11. Nxd2 Nf6 12. O-O O-O 13. Nb3 Nxb3 14. Qxb3 Qc5 15. Rfe1 Rfe8 16. g3 b6 17. Qc3 e4 18. Bg2 a5 19. b3 Re7 20. a3 Rae8 21. Qe3 Nd7 22. Rec1 f5 23. b4 axb4 24. axb4 Qxb4 25. Ra7 Qc5 26. Qf4 Ne5 27. Qxf5 Rf8 28. Qxe4 Nf3+ 29. Qxf3 Rxf3 30. Bxf3 g6 31. Kg2 Kg7 32. h4 Rf7 33. Rc3 Qd4 34. Raa3 Qf6 35. c5 bxc5 36. Rxc5 h5 37. Rac3 g5 38. hxg5 Qxg5 39. d6 Qd8 40. dxc7 1-0


[Site "https://www.chess.com"]

[Event "Titled Tuesday Blitz June 15 2021"]
[White "Stepanencu, Nicodim-Cosmin"]
[Black "Quintiliano Pinto, Renato R."]
[WhiteFideId "1256220"]
[BlackFideId "2117568"]
[WhiteElo "1704"]
[BlackElo "2439"]
[Result "0-1"]
[Round "07"]
[TimeControl "180+1"]
[Date "2021.06.15"]
[WhiteClock "0:01:06"]
[BlackClock "0:00:15"]

1. e4 c5 2. Nf3 d6 3. d4 cxd4 4. Nxd4 Nf6 5. Nc3 a6 6. Bg5 e6 7. f4 h6 8. Bh4 Qb6 9. a3 Be7 10. Bf2 Qc7 11. Qd2 b5 12. Bd3 e5 13. Nf5 Bxf5 14. exf5 Nc6 15. O-O O-O 16. Rae1 exf4 17. Qxf4 Ne5 18. Be4 Rad8 19. Bd4 Rfe8 20. Rf2 Qc4 21. Bb7 Nh5 22. Qe4 Bf6 23. Kh1 Ng4 24. Qxe8+ Rxe8 25. Rxe8+ Kh7 26. Rd2 Bxd4 27. Bd5 Qf1# 0-1


[Site "https://www.chess.com"]

[Event "Titled Tuesday Blitz June 15 2021"]
[White "Stribuk, Artiom"]
[Black "Cunjalo, Faris"]
[WhiteFideId "13515659"]
[BlackFideId "14410710"]
[WhiteElo "2177"]
[BlackElo "2234"]
[Result "0-1"]
[Round "07"]
[TimeControl "180+1"]
[Date "2021.06.15"]
[WhiteClock "0:00:02"]
[BlackClock "0:00:03"]

1. d4 Nf6 2. c4 g6 3. g3 Bg7 4. Bg2 c5 5. d5 O-O 6. Nc3 e6 7. Nf3 exd5 8. cxd5 Re8 9. Nd2 d6 10. O-O Nbd7 11. a4 a6 12. Nc4 Nb6 13. Na3 Nh5 14. e4 Nd7 15. h3 Rb8 16. a5 Qxa5 17. g4 Nhf6 18. Bf4 Ne5 19. Bxe5 dxe5 20. Nc4 Qd8 21. f4 exf4 22. e5 Nd7 23. e6 Bd4+ 24. Kh1 fxe6 25. dxe6 Nf6 26. g5 Bxe6 27. gxf6 Bxc4 28. Rxf4 Bf7 29. Qf3 Re3 30. Qg4 Qc8 31. Qh4 Qf8 32. Ne4 Re8 33. Ng5 h6 34. Nxf7 Qxf7 35. Qxh6 Re1+ 36. Rxe1 Rxe1+ 37. Bf1 Be3 38. Kg2 Bxf4 39. Qxf4 b5 40. h4 Re6 41. h5 Rxf6 42. Qb8+ Qf8 43. Qc7 Rxf1 44. hxg6 Qf3+ 45. Kh2 Rh1# 0-1


[Site "https://www.chess.com"]

[Event "Titled Tuesday Blitz June 15 2021"]
[White "Suvorov, Alexander"]
[Black "Shahaliyev, Ismayil"]
[WhiteFideId "12977063"]
[BlackFideId "13406388"]
[WhiteElo "2221"]
[BlackElo "2105"]
[Result "0-1"]
[Round "07"]
[TimeControl "180+1"]
[Date "2021.06.15"]
[WhiteClock "0:00:36"]
[BlackClock "0:01:16"]

1. d4 Nf6 2. c4 c6 3. Nc3 d5 4. e3 e6 5. Nf3 Nbd7 6. Qc2 Bd6 7. Bd3 dxc4 8. Bxc4 b5 9. Be2 Bb7 10. O-O O-O 11. e4 e5 12. Rd1 Qb8 13. dxe5 Nxe5 14. Nd4 b4 15. Nf5 Bc7 16. Na4 Re8 17. Nc5 Bc8 18. g3 Bxf5 19. exf5 Qc8 20. Ba6 Qb8 21. Bb7 Nf3+ 22. Kh1 Ng4 23. h3 Bxg3 24. hxg4 Bh4 25. Kg2 Qh2+ 26. Kxf3 Qh3+ 27. Kf4 Bg5+ 28. Kxg5 Qh6# 0-1


[Site "https://www.chess.com"]

[Event "Titled Tuesday Blitz June 15 2021"]
[White "Sychev, Klementy"]
[Black "Zubov, Alexander"]
[WhiteFideId "4114060"]
[BlackFideId "14109409"]
[WhiteElo "2615"]
[BlackElo "2740"]
[Result "0-1"]
[Round "07"]
[TimeControl "180+1"]
[Date "2021.06.15"]
[WhiteClock "0:01:10"]
[BlackClock "0:01:07"]

1. e4 e5 2. Nf3 Nc6 3. Bc4 Bc5 4. O-O Nf6 5. d4 Bxd4 6. Nxd4 Nxd4 7. Bg5 Qe7 8. Nc3 c6 9. Kh1 h6 10. Be3 b5 11. Bb3 Nxb3 12. axb3 d6 13. Qd2 O-O 14. Rad1 Rd8 15. Bc5 Bg4 16. Bxd6 Bxd1 17. Rxd1 Qe6 18. f4 b4 0-1


[Site "https://www.chess.com"]

[Event "Titled Tuesday Blitz June 15 2021"]
[White "Timofeev, Artyom"]
[Black "Kamsky, Gata"]
[WhiteFideId "4140419"]
[BlackFideId "2000024"]
[WhiteElo "2582"]
[BlackElo "2644"]
[Result "1/2-1/2"]
[Round "07"]
[TimeControl "180+1"]
[Date "2021.06.15"]
[WhiteClock "0:02:46"]
[BlackClock "0:02:11"]

1. c4 c6 2. b3 d5 3. Bb2 Nf6 4. Nf3 Bf5 5. Bxf6 exf6 6. e3 Be7 7. Nc3 dxc4 8. Bxc4 O-O 9. O-O Nd7 10. d4 Nb6 11. Bd3 Bg4 12. h3 Bxf3 13. Qxf3 g6 1/2-1/2


[Site "https://www.chess.com"]

[Event "Titled Tuesday Blitz June 15 2021"]
[White "Triapishko, Alexandr"]
[Black "Lehtosaari, Mauri"]
[WhiteFideId "14122286"]
[BlackFideId "501999"]
[WhiteElo "2490"]
[BlackElo "2462"]
[Result "1-0"]
[Round "07"]
[TimeControl "180+1"]
[Date "2021.06.15"]
[WhiteClock "0:00:20"]
[BlackClock "0:00:05"]

1. Nf3 d5 2. g3 Nf6 3. Bg2 c6 4. c4 Bg4 5. Ne5 Be6 6. cxd5 Bxd5 7. Nf3 c5 8. Nc3 Bc6 9. O-O e6 10. Re1 Be7 11. e4 O-O 12. d4 cxd4 13. Nxd4 e5 14. Nf5 h6 15. Be3 Bb4 16. Qb3 Bxc3 17. Qxc3 Nbd7 18. Rad1 Bxe4 19. Nxg7 Kxg7 20. Bxe4 Nxe4 21. Bxh6+ Kxh6 22. Rxe4 Qe7 23. Qd2+ Qg5 24. Qxd7 Rad8 25. Qh3+ Kg6 26. Rxd8 Qc1+ 27. Kg2 Rxd8 28. Rg4+ Kf6 29. Qh4+ Kf5 30. Qxd8 Qc6+ 31. f3 1-0


[Site "https://www.chess.com"]

[Event "Titled Tuesday Blitz June 15 2021"]
[White "Tristan, Leonardo"]
[Black "Villegas, Pierre"]
[WhiteFideId "113816"]
[BlackFideId "654183"]
[WhiteElo "2404"]
[BlackElo "2411"]
[Result "0-1"]
[Round "07"]
[TimeControl "180+1"]
[Date "2021.06.15"]
[WhiteClock "0:00:01"]
[BlackClock "0:00:06"]

1. d4 d5 2. Bf4 Nf6 3. e3 c5 4. Nf3 Nc6 5. c3 Qb6 6. Qc2 g6 7. Nbd2 Bf5 8. dxc5 Qxc5 9. Qb3 Na5 10. Qb4 Qxb4 11. cxb4 Nc6 12. a3 Bg7 13. b5 Nb8 14. h3 Ne4 15. Nxe4 Bxe4 16. O-O-O Nd7 17. Bd3 Nc5 18. Bxe4 dxe4 19. Be5 f6 20. Bd4 exf3 21. Bxc5 Rc8 22. b4 b6 23. gxf3 bxc5 24. Kb2 cxb4 25. a4 a5 26. bxa6 Ra8 27. Kb3 Rxa6 28. Rd4 Kf7 29. Rxb4 Rc8 30. Rd1 f5 31. Rb7 Rc3+ 32. Kb4 Rcc6 33. Rdd7 Rcb6+ 34. Rxb6 Rxb6+ 35. Ka5 Rb2 36. Rd3 Rxf2 37. f4 Rh2 38. Kb5 Rxh3 39. a5 Rh1 40. Ra3 Rb1+ 41. Kc6 e5 42. a6 Rb8 43. a7 Ra8 44. Kb7 Rxa7+ 45. Rxa7 exf4 46. exf4 Bd4 47. Ra4 Be3 48. Kc6 h5 49. Kd5 h4 50. Ke5 h3 51. Ra2 Bg1 52. Rc2 h2 53. Rc7+ Kg8 54. Rc8+ Kh7 55. Rc7+ Kh6 56. Rc8 Kh5 57. Rh8+ Kg4 58. Kf6 Kxf4 59. Kxg6 Kg4 60. Kf6 f4 61. Ke5 f3 62. Rg8+ Kh4 63. Rh8+ Kg3 64. Rg8+ Kh4 65. Rh8+ Kg5 66. Rg8+ Kh6 67. Kf6 Kh7 68. Rg7+ Kh8 69. Kf7 h1=Q 70. Rg8+ Kh7 71. Rg7+ Kh6 72. Kf8 Bc5+ 73. Kg8 Qg2 74. Rg4 Qxg4+ 0-1


[Site "https://www.chess.com"]

[Event "Titled Tuesday Blitz June 15 2021"]
[White "Tsaruk, Maksim"]
[Black "Korkmaz, Necmettin"]
[WhiteFideId "13511173"]
[BlackFideId "6303285"]
[WhiteElo "2197"]
[BlackElo "2094"]
[Result "1-0"]
[Round "07"]
[TimeControl "180+1"]
[Date "2021.06.15"]
[WhiteClock "0:02:24"]
[BlackClock "0:00:28"]

1. c4 c6 2. Nc3 d5 3. Nf3 Nf6 4. e3 Bf5 5. b3 e6 6. Bb2 Be7 7. Be2 Nbd7 8. Nh4 Bg6 9. Nxg6 hxg6 10. h3 a5 11. O-O O-O 12. Bf3 Ne5 13. Be2 dxc4 14. bxc4 Nd3 15. Rb1 Nxb2 16. Rxb2 Qc7 17. d4 Rfd8 18. Qb1 Bb4 19. Na4 b5 20. cxb5 cxb5 21. Bxb5 Nd5 22. Rc1 Qb7 23. Bc6 Qa7 24. Bxa8 Rxa8 25. a3 Bxa3 26. Rb7 Qa6 27. Rb8+ Rxb8 28. Qxb8+ Kh7 29. Rc8 g5 30. Rh8+ Kg6 31. Qb1+ f5 32. Nc5 Bxc5 33. dxc5 Qc4 34. Ra8 Qxc5 35. Qa1 f4 36. Rxa5 Qc2 37. exf4 Nxf4 38. Qe5 Qd1+ 39. Kh2 Ne2 40. Qxg5+ Kf7 41. Ra7+ Kg8 42. Qxg7# 1-0


[Site "https://www.chess.com"]

[Event "Titled Tuesday Blitz June 15 2021"]
[White "Ulziikhishigjargal, Ochirkhuyag"]
[Black "Baradaran, Arman"]
[WhiteFideId "4903188"]
[BlackFideId "880515"]
[WhiteElo "1836"]
[BlackElo "2132"]
[Result "0-1"]
[Round "07"]
[TimeControl "180+1"]
[Date "2021.06.15"]
[WhiteClock "0:00:32"]
[BlackClock "0:00:07"]

1. c4 c6 2. Nf3 d5 3. g3 Nf6 4. Bg2 Bg4 5. O-O Nbd7 6. Qb3 Qb6 7. Nc3 e6 8. d4 Bxf3 9. Bxf3 Qxd4 10. Qxb7 Rb8 11. Qxc6 Qxc4 12. Qxc4 dxc4 13. b3 cxb3 14. axb3 Bc5 15. Bf4 Rxb3 16. Na4 Bd4 17. Rad1 e5 18. Bg5 h6 19. Bxf6 Nxf6 20. e3 Bb6 21. Bc6+ Ke7 22. Ra1 Rc8 23. Nxb6 axb6 24. Ra7+ Ke6 25. Ba4 Rb2 26. Rd1 Rc3 27. Bd7+ Nxd7 28. Rdxd7 f6 29. Rd1 Rcc2 30. Rf1 g5 31. g4 e4 32. h3 b5 33. Ra6+ Kd5 34. Rxf6 b4 35. Rxh6 b3 36. Rg6 Kc4 37. Rxg5 Ra2 38. Rg8 b2 39. Rb8 Ra1 40. Rc8+ Kd3 41. Rd8+ Ke2 42. Rb8 Rxf1+ 43. Kg2 b1=Q 44. Rxb1 Rxb1 45. Kg3 Rf1 46. g5 Rxf2 47. h4 Rf1 48. Kg4 Rg1+ 49. Kh5 Kxe3 50. g6 Rh2 51. g7 Rxh4+ 52. Kxh4 Rxg7 53. Kh5 Kf4 54. Kh6 0-1


[Site "https://www.chess.com"]

[Event "Titled Tuesday Blitz June 15 2021"]
[White "Vaishali, Rameshbabu"]
[Black "Zhuravlev, Alexey"]
[WhiteFideId "5091756"]
[BlackFideId "4164199"]
[WhiteElo "2313"]
[BlackElo "2445"]
[Result "1-0"]
[Round "07"]
[TimeControl "180+1"]
[Date "2021.06.15"]
[WhiteClock "0:00:27"]
[BlackClock "0:00:27"]

1. d4 Nf6 2. Bf4 g6 3. Nc3 d5 4. e3 Bg7 5. h4 h6 6. Nf3 O-O 7. Ne5 c5 8. Be2 Nc6 9. Qd2 cxd4 10. exd4 Qb6 11. O-O-O Ne4 12. Nxe4 dxe4 13. Bxh6 Nxe5 14. Bxg7 Kxg7 15. dxe5 Qxf2 16. Rdf1 Qg3 17. h5 g5 18. e6 Bxe6 19. h6+ Kh7 20. Qd4 Rg8 21. Qxe4+ Kh8 22. Bd3 Rg6 23. Qd4+ 1-0


[Site "https://www.chess.com"]

[Event "Titled Tuesday Blitz June 15 2021"]
[White "Vallejo Diaz, Javier"]
[Black "Praggnanandhaa R"]
[WhiteFideId "2256398"]
[BlackFideId "25059530"]
[WhiteElo "2689"]
[BlackElo "2555"]
[Result "0-1"]
[Round "07"]
[TimeControl "180+1"]
[Date "2021.06.15"]
[WhiteClock "0:00:36"]
[BlackClock "0:01:26"]

1. e4 c5 2. Nf3 e6 3. b3 b6 4. Bb2 Bb7 5. d3 Nc6 6. Nbd2 d5 7. g3 Nf6 8. Bg2 Be7 9. O-O O-O 10. exd5 Nxd5 11. Nc4 Bf6 12. Nce5 Qc7 13. Re1 Rfd8 14. Qc1 Rac8 15. Nxc6 Bxb2 16. Qxb2 Bxc6 17. Ne5 Bb7 18. f4 Ne7 19. Be4 Nf5 20. c3 Nd6 21. Bxb7 Qxb7 22. Qe2 Nb5 23. Rac1 Rd6 24. a4 Nc7 25. Nc4 Rdd8 26. Qe4 Qd5 27. Re3 Ne8 28. Rce1 Nf6 29. Qe5 Qc6 30. h3 Rd5 0-1


[Site "https://www.chess.com"]

[Event "Titled Tuesday Blitz June 15 2021"]
[White "Vazquez, Facundo"]
[Black "Sanal, Vahap"]
[WhiteFideId "3007669"]
[BlackFideId "6300545"]
[WhiteElo "1984"]
[BlackElo "2507"]
[Result "1-0"]
[Round "07"]
[TimeControl "180+1"]
[Date "2021.06.15"]
[WhiteClock "0:00:09"]
[BlackClock "0:00:17"]

1. d4 Nf6 2. c4 g6 3. Nf3 Bg7 4. Ng1 O-O 5. Nc3 d5 6. e3 c5 7. dxc5 Na6 8. Nf3 Nxc5 9. cxd5 Nfe4 10. Bd2 Bg4 11. Be2 Bxf3 12. gxf3 Nxc3 13. Bxc3 Bxc3+ 14. bxc3 Qa5 15. O-O Qxc3 16. Qc1 Qa5 17. Rd1 Rac8 18. Qd2 Qxd2 19. Rxd2 Rfd8 20. e4 e6 21. Rad1 exd5 22. Rxd5 Rxd5 23. Rxd5 Ne6 24. Rd2 Nf4 25. h4 Kg7 26. Kh2 Kf6 27. Rb2 Rc3 28. Kg3 Nxe2+ 29. Rxe2 Ra3 30. Rb2 b6 31. Kg4 Ke5 32. Rb5+ Ke6 33. Rb2 h5+ 34. Kf4 Kf6 35. Rc2 b5 36. e5+ Ke6 37. Rc6+ Kd7 38. Rd6+ Ke7 39. Rd5 a6 40. Rd2 b4 41. Ke4 Ra4 42. Kd5 Ra5+ 43. Ke4 Ra3 44. f4 a5 45. f5 Rh3 46. f6+ Ke8 47. Rd5 Ra3 48. Rd2 a4 49. f4 b3 50. axb3 Rxb3 51. Rd4 a3 52. Ra4 Kd7 53. f5 Rh3 54. Ra7+ Kc6 55. fxg6 Rxh4+ 56. Kf5 fxg6+ 57. Kxg6 Kb6 58. Rxa3 1-0


[Site "https://www.chess.com"]

[Event "Titled Tuesday Blitz June 15 2021"]
[White "Weetik, Vjacheslav"]
[Black "deribas12345"]
[WhiteFideId "4153472"]
[WhiteElo "2469"]
[BlackElo "2541"]
[Result "1-0"]
[Round "07"]
[TimeControl "180+1"]
[Date "2021.06.15"]
[WhiteClock "0:00:36"]
[BlackClock "0:00:16"]

1. e4 c5 2. Nf3 d6 3. d4 cxd4 4. Nxd4 Nf6 5. Nc3 a6 6. Be3 e5 7. Nf3 Be7 8. Bc4 O-O 9. O-O Nc6 10. Re1 b5 11. Bf1 Bg4 12. h3 Bxf3 13. Qxf3 Nd4 14. Bxd4 exd4 15. Ne2 Qb6 16. Rad1 d5 17. e5 Ne4 18. Nxd4 Bc5 19. c3 Rad8 20. b4 Bxd4 21. Rxd4 Rc8 22. Rxd5 Nxc3 23. Rd6 Qa7 24. a3 g6 25. h4 Qe7 26. h5 Rfe8 27. Rxa6 Qg5 28. hxg6 hxg6 29. e6 f6 30. Qb7 Rf8 31. Ra7 1-0


[Site "https://www.chess.com"]

[Event "Titled Tuesday Blitz June 15 2021"]
[White "Williams, Simon K"]
[Black "Dolzhykova, Kateryna"]
[WhiteFideId "404454"]
[BlackFideId "14113414"]
[WhiteElo "2468"]
[BlackElo "2151"]
[Result "1-0"]
[Round "07"]
[TimeControl "180+1"]
[Date "2021.06.15"]
[WhiteClock "0:00:53"]
[BlackClock "0:00:03"]

1. f4 e5 2. e4 d6 3. Nf3 Nc6 4. Bc4 Be7 5. d3 Nf6 6. O-O O-O 7. Nc3 Bg4 8. h3 Bxf3 9. Qxf3 Nd4 10. Qf2 c6 11. a3 a5 12. Ba2 b5 13. Be3 b4 14. Nd1 b3 15. Bxd4 bxa2 16. Bc3 Nd7 17. Rxa2 d5 18. fxe5 dxe4 19. d4 Qb6 20. Ne3 f6 21. e6 Nb8 22. Nf5 Qc7 23. Qe3 Na6 24. Qxe4 Rae8 25. Raa1 Bd6 26. Rae1 g6 27. Ne3 Re7 28. d5 cxd5 29. Nxd5 Bc5+ 30. Kh1 Qg3 31. Rf3 Qd6 32. Nxf6+ Rxf6 33. Bxf6 Re8 34. e7 Bb6 35. Qc4+ 1-0


[Site "https://www.chess.com"]

[Event "Titled Tuesday Blitz June 15 2021"]
[White "Yanchenko, Roman"]
[Black "Vlassov, Nikolai"]
[WhiteFideId "4137329"]
[BlackFideId "4103360"]
[WhiteElo "2514"]
[BlackElo "2407"]
[Result "1-0"]
[Round "07"]
[TimeControl "180+1"]
[Date "2021.06.15"]
[WhiteClock "0:00:20"]
[BlackClock "0:00:02"]

1. d4 Nf6 2. c4 Nc6 3. Nf3 e6 4. Nc3 Bb4 5. Bd2 d6 6. e3 O-O 7. h3 e5 8. dxe5 dxe5 9. Qc2 a5 10. Rd1 Qe7 11. a3 Bxc3 12. Bxc3 Re8 13. Be2 Nd7 14. O-O f6 15. Rd2 Nc5 16. Rfd1 Be6 17. b4 axb4 18. axb4 Na4 19. c5 Nxc3 20. Qxc3 Qf7 21. Bb5 Red8 22. Rxd8+ Rxd8 23. Rxd8+ Nxd8 24. Nd2 Kf8 25. Qd3 Ke7 26. Qxh7 c6 27. Be2 Bd5 28. Bh5 Qg8 29. Qxg8 Bxg8 30. Bg4 Be6 31. Be2 Bd5 32. h4 Ne6 33. Bg4 Nc7 34. Bc8 Na6 35. e4 Be6 36. Bxe6 Kxe6 37. Nc4 Nxb4 38. Na5 Kd7 39. Nxb7 Na6 40. f3 Kc7 41. Nd6 Nxc5 42. Ne8+ Kd7 43. Nxg7 Ke7 44. Nf5+ Kf7 45. Kf2 Ne6 46. Ke3 Kg6 47. g3 Kf7 48. h5 c5 49. Kd3 Nd4 50. f4 Nxf5 51. exf5 exf4 52. g4 Kg7 53. Ke4 1-0


[Site "https://www.chess.com"]